Map: Oceanborn LE

Players

Oliveira - Winner!

  • Race: Terran Terran
  • Spawn Location: 11:00

LiquidClem (Clem)

  • Race: Terran Terran
  • League: Grandmaster
  • Spawn Location: 5:00

Event: Bellum Gens Elite Stara Zagora 2024

VOD

Have the link to the VOD?

Description

Time

  • Played on: Sept. 7, 2024, noon
  • Length: 15:31

All games in this series

Show
View Real Time Build Order
Export as new Build Order

Oliveira Terran - Winner!

Build Orders: Cyclone Opening 

Get SALT Encoding   

  12  0:00  SCV  
  13  0:12  SCV  
  14  0:17  Supply Depot  
  14  0:24  SCV  
  15  0:39  SCV  
  15  0:40  Barracks  
  16  0:44  Refinery  
  16  0:51  SCV  
  16  0:53  Refinery  
  17  1:03  SCV  
  18  1:15  SCV  
  19  1:28  Orbital Command, Reaper  
  19  1:30  Supply Depot  
  20  1:42  Factory  
  20  1:54  SCV  
  21  2:00  Marine  
  22  2:06  SCV  
  23  2:17  Marine  
  23  2:18  SCV  
  25  2:26  Cyclone  
  27  2:31  SCV  
  27  2:32  Starport  
  28  2:37  Supply Depot, Marine  
  29  2:48  SCV  
  30  2:57  Barracks Reactor  
  30  2:59  Cyclone  
  32  3:16  Command Center  
  29  3:20  Medivac  
  32  3:22  SCV  
  32  3:33  Factory Tech Lab  
  32  3:34  SCV, Marine x2  
  33  3:40  Supply Depot  
  35  3:46  SCV  
  36  3:51  Starport Tech Lab  
  36  3:52  Siege Tank  
  39  4:01  SCV  
  40  4:07  Refinery  
  40  4:17  SCV  
  40  4:19  Raven  
  40  4:34  Orbital Command, SCV  
  40  4:38  Command Center  
  41  4:41  Siege Tank  
  44  4:47  SCV, Marine  
  44  4:48  Marine  
  47  5:00  Raven  
  47  5:01  SCV x2  
  47  5:05  Interference Matrix  
  51  5:13  Supply Depot, SCV x2  
  54  5:25  SCV x2  
  54  5:28  Barracks  
  54  5:31  Barracks, Factory Reactor  
  53  5:37  SCV  
  53  5:38  Raven  
  53  5:40  SCV  
  53  5:42  Stimpack  
  57  5:43  Marine  
  57  5:49  SCV  
  59  5:52  SCV  
  59  5:55  Orbital Command  
  60  6:01  SCV  
  60  6:03  Engineering Bay  
  61  6:04  SCV, Engineering Bay  
  62  6:13  SCV  
  62  6:16  SCV  
  64  6:23  Barracks x2  
  64  6:24  SCV  
  66  6:25  SCV  
  66  6:26  Starport Reactor  
  66  6:27  Siege Tank  
  66  6:28  SCV  
  66  6:31  Supply Depot, Refinery  
  70  6:34  Terran Infantry Weapons Level 1  
  70  6:36  SCV  
  70  6:37  SCV  
  70  6:38  Terran Infantry Armor Level 1  
  72  6:40  SCV  
  72  6:41  Marine x2  
  72  6:42  Marine  
  72  6:44  Marine  
  76  6:48  SCV  
  76  6:49  SCV  
  76  6:52  SCV, Missile Turret  
  76  6:53  Supply Depot  
  79  6:57  Marine  
  79  7:00  Marine  
  80  7:02  Orbital Command, SCV  
  80  7:03  Siege Tank, Marine  
  80  7:05  SCV  
  85  7:08  Supply Depot  
  85  7:09  Marine  
  85  7:10  Marine  
  85  7:13  Marine  
  85  7:14  SCV  
  90  7:17  SCV, Marine  
  90  7:21  Missile Turret  
  92  7:25  Medivac x2  
  92  7:26  SCV  
  92  7:27  Marine  
  92  7:28  SCV  
  92  7:29  SCV  
  100  7:30  Combat Shield  
  100  7:32  Barracks Reactor x2  
  99  7:37  Supply Depot, Marine x2  
  99  7:41  SCV  
  99  7:42  Supply Depot  
  99  7:44  Marine  
  102  7:48  Siege Tank  
  102  7:51  Marine x2  
  104  7:52  SCV  
  104  7:55  Marine x2  
  109  7:59  SCV  
  109  8:01  Marine  
  108  8:08  Marine x2  
  108  8:09  Marine  
  108  8:11  Marine  
  89  8:13  SCV  
  89  8:16  SCV, Marine x2  
  89  8:18  Marine x2  
  89  8:19  SCV  
  83  8:20  Marine  
  83  8:21  Siege Tank  
  83  8:25  SCV  
  83  8:26  Marine  
  89  8:30  Armory  
  89  8:31  SCV  
  89  8:32  Marine x2  
  89  8:34  Marine  
  93  8:37  SCV  
  93  8:38  Marine  
  93  8:39  Marine x2  
  97  8:42  Marine  
  97  8:43  SCV  
  97  8:46  Orbital Command  
  99  8:48  Marine  
  99  8:49  SCV, Marine  
  99  8:52  Marine  
  99  8:55  SCV  
  95  9:03  SCV  
  95  9:04  Marine  
  95  9:07  SCV, Marine  
  95  9:08  Marine x2  
  96  9:12  SCV  
  96  9:16  SCV, Marine  
  100  9:18  Siege Tank  
  100  9:19  SCV  
  100  9:20  Terran Infantry Weapons Level 2  
  102  9:24  Terran Infantry Armor Level 2  
  102  9:25  Marine  
  102  9:27  SCV  
  102  9:28  SCV  
  102  9:29  Supply Depot  
  102  9:30  Marine  
  107  9:34  SCV  
  107  9:37  Terran Vehicle Weapons Level 1  
  107  9:39  SCV, Viking  
  107  9:45  SCV, Viking  
  112  9:47  SCV  
  116  9:52  Siege Tank  
  116  9:53  Command Center  
  116  9:59  SCV, Refinery x2  
  118  10:00  Supply Depot, SCV x2  
  118  10:04  Starport  
  119  10:07  Starport  
  119  10:09  Barracks Reactor  
  119  10:10  Missile Turret  
  119  10:11  Viking  
  119  10:12  SCV x2  
  119  10:13  SCV  
  124  10:19  Marine  
  123  10:22  Supply Depot  
  123  10:24  Marine x3, Viking  
  123  10:25  Marine  
  123  10:26  Siege Tank  
  123  10:27  Marine  
  123  10:28  Marine  
  133  10:32  Supply Depot  
  133  10:38  Missile Turret  
  133  10:39  Marine x2  
  133  10:42  Marine  
  136  10:44  Supply Depot, Raven  
  136  10:46  Starport Tech Lab, Viking  
  140  10:50  Marine  
  140  10:51  Missile Turret  
  141  10:59  Siege Tank, Viking  
  141  11:00  Marine x2, Sensor Tower  
  141  11:01  Marine  
  141  11:04  Supply Depot x2, SCV x2  
  151  11:12  Raven  
  151  11:13  Marine  
  154  11:20  Raven, Viking  
  154  11:21  Marine x2  
  154  11:24  Marine  
  161  11:27  Marine x2  
  161  11:30  SCV x2  
  161  11:31  SCV  
  166  11:33  Refinery  
  166  11:34  Refinery, Viking  
  166  11:35  Missile Turret, Sensor Tower  
  168  11:41  Planetary Fortress  
  168  11:45  Marine  
  168  11:48  Terran Infantry Weapons Level 3  
  168  11:49  Marine x3  
  168  11:51  Marine  
  172  11:55  Terran Infantry Armor Level 3  
  172  11:56  Marine  
  172  11:58  Marine  
  174  12:01  Sensor Tower  
  174  12:04  Viking  
  174  12:08  Marine x2  
  176  12:10  Viking  
  176  12:14  Raven  
  182  12:20  SCV  
  182  12:22  Terran Vehicle Weapons Level 2, Marine  
  183  12:29  Raven  
  185  12:30  Marine  
  185  12:32  Marine  
  186  12:39  Command Center, Viking  
  186  12:40  Factory  
  186  12:43  Viking  
  189  12:52  Raven  
  191  13:06  Armory  
  191  13:10  Command Center  
  191  13:12  Command Center  
  191  13:13  Missile Turret x2  
  191  13:16  Raven  
  191  13:19  Supply Depot  
  193  13:24  Marine  
  193  13:26  Marine x2, Factory Tech Lab  
  196  13:28  Raven  
  196  13:31  Marine  
  198  13:39  Marine x2  
  200  13:50  Command Center  
  199  14:00  Starport  
  199  14:02  Starport  
  199  14:18  Planetary Fortress  
  199  14:30  Marine  
  200  14:33  Orbital Command x2  
  200  14:39  Starport Tech Lab  
  200  14:40  Starport Reactor  
  200  14:53  Command Center  
  200  14:54  Command Center  
Show
View Real Time Build Order
Export as new Build Order

LiquidClem Terran 

Build Orders:  

Get SALT Encoding   

  12  0:00  SCV  
  13  0:14  Supply Depot  
  13  0:18  SCV  
  14  0:35  Barracks  
  14  0:40  Refinery  
  14  0:54  Barracks  
  14  0:58  SCV  
  15  1:10  SCV  
  16  1:22  Reaper  
  16  1:23  Orbital Command  
  17  1:32  Refinery  
  17  1:42  Reaper  
  18  1:50  SCV  
  18  1:52  Supply Depot  
  19  1:58  Reaper  
  20  2:02  SCV  
  21  2:14  SCV, Reaper  
  23  2:28  SCV  
  24  2:30  Factory  
  24  2:35  Reaper  
  25  2:40  SCV  
  25  2:55  SCV  
  25  3:03  Command Center  
  25  3:07  SCV  
  26  3:14  Factory Reactor  
  26  3:16  Reaper  
  26  3:18  Starport  
  26  3:22  SCV  
  26  3:34  SCV  
  26  3:36  Supply Depot  
  26  3:46  SCV  
  27  3:50  Cyclone x2  
  31  3:57  Medivac  
  31  3:58  SCV  
  32  4:10  SCV  
  33  4:22  SCV, Cyclone  
  33  4:23  Cyclone  
  38  4:34  SCV  
  38  4:35  Barracks Tech Lab  
  38  4:37  Starport Tech Lab  
  39  4:43  Refinery  
  39  4:44  Orbital Command  
  39  4:46  SCV  
  40  4:56  Raven, Interference Matrix  
  40  4:58  Supply Depot, SCV  
  43  5:05  Marine x2  
  45  5:10  SCV x2  
  47  5:17  Siege Tank  
  50  5:23  SCV x2, Marine x2  
  50  5:25  Supply Depot  
  54  5:35  SCV x2  
  56  5:36  Raven  
  56  5:40  Marine  
  56  5:42  Barracks Tech Lab  
  59  5:47  SCV x2  
  59  5:48  Engineering Bay  
  61  5:52  Barracks  
  61  5:55  Siege Tank  
  64  5:59  SCV, Marine  
  64  6:00  Marine  
  64  6:03  Supply Depot, SCV  
  68  6:05  Refinery  
  68  6:07  Stimpack  
  68  6:09  Marine  
  70  6:11  SCV  
  70  6:15  SCV  
  70  6:17  Marine  
  70  6:23  Supply Depot  
  70  6:24  SCV, Marine  
  72  6:26  Terran Infantry Weapons Level 1  
  72  6:27  SCV, Marine, Starport Reactor  
  74  6:35  Supply Depot, Marine  
  74  6:36  SCV  
  74  6:39  SCV  
  77  6:42  Marine  
  77  6:44  Supply Depot  
  77  6:45  Siege Tank  
  81  6:47  Marine  
  81  6:48  SCV  
  81  6:52  Marine  
  81  6:53  Marine  
  85  7:00  Marine  
  86  7:01  Command Center  
  86  7:03  Supply Depot  
  86  7:05  Medivac  
  86  7:07  Combat Shield  
  88  7:09  Marine  
  88  7:10  Marine  
  90  7:17  Supply Depot, Widow Mine  
  90  7:18  Medivac  
  90  7:19  Marine  
  90  7:22  Marine  
  96  7:27  Marine x2  
  98  7:34  SCV  
  98  7:35  Supply Depot, SCV  
  100  7:37  Marine  
  100  7:39  Medivac  
  100  7:40  Marine  
  104  7:46  Barracks  
  104  7:48  SCV x2, Medivac  
  108  7:54  Barracks  
  108  7:56  Supply Depot, Marine  
  109  8:04  Marine x2  
  109  8:05  Siege Tank  
  112  8:06  Marine  
  97  8:14  Marine  
  97  8:16  SCV x2  
  88  8:22  Marine x2, Medivac  
  88  8:24  Marine, Medivac  
  88  8:26  Terran Infantry Armor Level 1  
  94  8:28  SCV x2  
  94  8:31  Marine  
  97  8:36  Barracks Reactor  
  97  8:39  Siege Tank  
  97  8:40  SCV x2, Marine  
  104  8:42  Supply Depot, Marine  
  104  8:46  Orbital Command  
  104  8:47  Barracks Reactor  
  104  8:49  Marine  
  104  8:52  Barracks Reactor  
  105  8:56  SCV, Engineering Bay, Armory  
  105  8:58  Marine  
  106  9:04  Marine  
  106  9:07  Marine  
  95  9:11  Siege Tank, SCV x2  
  95  9:12  SCV  
  95  9:13  Marine x2  
  95  9:15  Viking  
  105  9:18  Viking  
  105  9:20  Marine  
  105  9:22  Marine  
  105  9:23  SCV  
  110  9:25  SCV  
  110  9:26  SCV  
  110  9:28  Marine  
  110  9:31  Marine, Missile Turret  
  114  9:32  Marine  
  114  9:35  Marine x3  
  114  9:37  Marine  
  119  9:38  SCV, Marine  
  119  9:40  Marine  
  119  9:42  SCV x2, Refinery  
  119  9:43  Sensor Tower  
  119  9:44  Refinery  
  127  9:45  Siege Tank  
  127  9:50  Terran Infantry Weapons Level 2  
  127  9:56  Marine x8  
  136  10:00  Supply Depot  
  136  10:01  Terran Vehicle Weapons Level 1  
  136  10:07  Supply Depot  
  136  10:13  Marine x2  
  136  10:14  Marine x4  
  134  10:15  Viking  
  134  10:16  Factory  
  134  10:17  Viking  
  140  10:22  Marine  
  140  10:23  Marine x2  
  143  10:29  Terran Infantry Armor Level 2  
  143  10:31  Marine x3  
  143  10:32  Siege Tank  
  149  10:39  Missile Turret  
  149  10:44  Command Center  
  149  10:45  Viking  
  149  10:46  Marine x4  
  155  10:50  Supply Depot  
  155  10:54  Marine x4  
  159  10:58  Viking  
  159  11:03  Supply Depot  
  159  11:04  Siege Tank, Marine  
  162  11:05  Barracks Reactor  
  162  11:06  Marine x2  
  162  11:08  Supply Depot  
  167  11:12  Marine x2  
  167  11:13  Marine x3  
  167  11:14  Siege Tank  
  167  11:17  Supply Depot  
  175  11:21  SCV, Marine  
  175  11:24  Marine x2  
  179  11:26  Viking  
  179  11:30  Marine  
  179  11:31  Marine x3  
  185  11:36  Siege Tank  
  185  11:38  Missile Turret  
  188  11:41  Viking  
  188  11:42  Marine  
  188  11:45  Marine x2  
  188  11:46  Siege Tank  
  194  11:54  Marine x3  
  194  11:55  Marine  
  198  12:04  Terran Vehicle Weapons Level 2  
  198  12:06  Sensor Tower  
  198  12:08  Missile Turret  
  198  12:10  Refinery  
  198  12:11  Refinery, Terran Infantry Weapons Level 3  
  198  12:17  Planetary Fortress  
  198  12:24  Marine x2  
  200  12:44  Command Center  
  200  12:47  Starport x2  
  200  12:48  Command Center  
  200  12:49  Terran Infantry Armor Level 3  
  200  13:05  Command Center, Armory  
  200  13:09  Missile Turret  
  200  13:20  Command Center  
  200  13:34  Missile Turret  
  199  13:46  Viking  
  199  13:47  Starport Tech Lab x2  
  199  14:07  Starport  
  199  14:08  Raven  
  200  14:10  Raven  
  200  14:13  Sensor Tower  
  200  14:14  Missile Turret  
  200  14:26  Orbital Command  
  200  14:27  Planetary Fortress  
  200  14:29  Refinery  
  196  14:32  Viking x2  
  196  14:33  Refinery  
  196  14:35  Orbital Command  
  196  14:37  Missile Turret  
  198  14:40  Missile Turret  
  198  14:43  Raven  
  200  14:48  Missile Turret  
  200  14:53  Starport Reactor  
  200  14:56  Starport  
Tags
 
Add a new tag
Caveats
  • Supply blocks, unpowered buildings, or Contaminate may cause inaccurate times.
  • Supply counts are checked every 10 seconds.